 Dungeon Sprint DCSS version 0.22.1-2-g9c5b331 (webtiles) character file.

1159 whitewolfNL the Fighter (level 8, 0/86 HPs)
             Began as a Minotaur Berserker on Dec 18, 2018.
             Was a Priest of Trog.
             Succumbed to Sonja's poison
             ... in the Dungeon (Sprint I: "Red Sonja").
             The game lasted 00:04:30 (254 turns).

whitewolfNL the Fighter (Minotaur Berserker)         Turns: 254, Time: 00:04:31

Health: 0/86       AC:  4    Str: 23    XL:     8   Next: 16%
Magic:  6/9        EV: 15    Int:  8    God:    Trog [***...]
Gold:   66         SH:  0    Dex: 11    Spells: 7/7 levels left

rFire    + . .     SeeInvis .   m - +11 falchion of Supply {slice, rF+ Int+4}
rCold    . . .     Gourm    .   (no shield)
rNeg     . . .     Faith    .   l - +0 leather armour
rPois    .         Spirit   .   (helmet restricted)
rElec    .         Reflect  .   (no cloak)
rCorr    .         Harm     .   (no gloves)
MR       .....     NoTele   +   (no boots)
Stlth    +.........             (no amulet)
HPRegen  0.24/turn              (no ring)
MPRegen  0.11/turn              (no ring)

@: lethally poisoned (0 -> -20), berserk cooldown, slowed, very slow
A: retaliatory headbutt, horns 2
a: Berserk, Trog's Hand, Renounce Religion


You were in the Dungeon.
You worshipped Trog.
Trog was most pleased with you.
You were hungry.

You visited 1 branch You collected 356 gold pieces.
You spent 290 gold pieces at shops.

Inventory:

Hand Weapons
 a - a +0 mace
 m - the +11 falchion of Supply (weapon) {slice, rF+ Int+4}
   (You bought it in a shop in the Dungeon)

   It inflicts extra damage upon your enemies.
   It affects your intelligence (+4).
   It protects you from fire.
 n - a +2 flail of protection
Armour
 l - a +0 leather armour (worn)
Wands
 b - a wand of disintegration (7)
Scrolls
 i - a scroll of blinking
Potions
 f - a potion of haste
 g - 2 potions of magic
 h - a potion of berserk rage
Comestibles
 c - 2 rations
 j - 3 chunks of flesh


   Skills:
 * Level 13.2 Fighting
 * Level 4.0 Long Blades
 - Level 12.2 Maces & Flails
 * Level 7.3 Armour
 * Level 7.6 Dodging
 * Level 2.8 Evocations


You had 7 spell levels left.
You didn't know any spells.
Your spell library was empty.

Dungeon Overview and Level Annotations

Branches:
Dungeon (1/1)

Altars:
Cheibriados
Dithmenos
Elyvilon
Fedhas
Gozag
Hepliaklqana
Kikubaaqudgha
Makhleb
Nemelex Xobeh
Okawaru
Qazlal
Ru
Sif Muna
Trog
Uskayaw
Vehumet
Wu Jian
Xom
Yredelemnul
Zin
The Shining One
Jiyva
Lugonu

Shops:
D (


Innate Abilities, Weirdness & Mutations

You reflexively headbutt those who attack you in melee.
You have a pair of horns on your head.


Message History

* * * LOW HITPOINT WARNING * * *
You are more poisoned.
Sonja hits you with an uncursed short sword of venom.
* * * LOW HITPOINT WARNING * * *
You slash Sonja! You headbutt Sonja.
You kill Sonja!
Trog accepts your kill.
Trog appreciates your killing of a magic user.
Your Fighting skill gained 2 levels and is now at level 13!
Your Long Blades skill gained 4 levels and is now at level 4!
Your Armour skill increases to level 7!
Your Dodging skill increases to level 7!
Your Evocations skill gained 2 levels and is now at level 2!
You have reached level 8!
You feel stronger.
* * * LOW HITPOINT WARNING * * *
You feel very sick.
You eat one of the 4 chunks of flesh.
This raw flesh tastes terrible.
You are feeling hungry.
You die...

#..[..#..'[.#..'..+
#..#####'#####'#__#
#..####..#...#.####§
#..#__####..##.#§§§§
#..#_____##'#_.+≈≈§
#⌠⌠#_.∩...'..._#≈§§
####_..__##_.#'# +
#_____###)#.#
#########@### +.($+
#.((# ##.## #+#


There were no monsters in sight!

Vanquished Creatures
  Sonja (D)
  A slime creature (D)
  Sigmund (D)
  A yak (D)
  An ogre (D)
  A jelly (D)
  Ijyb (D)
7 creatures vanquished.

Notes
Turn   | Place    | Note
-------+----------+-------------------------------------------
     0 | D        | whitewolfNL the Minotaur Berserker began the quest for the
                  | Orb.
     0 | D        | Reached XP level 1. HP: 19/19 MP: 0/0
     1 | D        | Noticed Ijyb
     7 | D        | Killed Ijyb
     7 | D        | Reached skill level 5 in Fighting
     7 | D        | Reached skill level 5 in Maces & Flails
     7 | D        | Reached XP level 2. HP: 29/29 MP: 1/1
    28 | D        | Noticed an ogre
    35 | D        | Killed an ogre
    35 | D        | Reached skill level 7 in Fighting
    35 | D        | Reached XP level 3. HP: 40/40 MP: 2/2
    35 | D        | Reached XP level 4. HP: 48/48 MP: 3/3
    48 | D        | Noticed Sigmund
    53 | D        | Killed Sigmund
    53 | D        | Reached ** piety under Trog
    53 | D        | Reached skill level 9 in Fighting
    53 | D        | Reached skill level 10 in Maces & Flails
    53 | D        | Reached skill level 5 in Armour
    53 | D        | Reached skill level 5 in Dodging
    53 | D        | Reached XP level 5. HP: 58/58 MP: 4/4
   129 | D        | Found a burning altar of Makhleb.
   129 | D        | Found a viscous altar of Jiyva.
   129 | D        | Found a shimmering altar of Xom.
   129 | D        | Found a corrupted altar of Lugonu.
   129 | D        | Noticed a slime creature
   134 | D        | Killed a slime creature
   134 | D        | Reached skill level 10 in Fighting
   134 | D        | Reached XP level 6. HP: 67/67 MP: 5/5
   140 | D        | Found an ornate altar of the Wu Jian Council.
   140 | D        | Found a deep blue altar of Sif Muna.
   142 | D        | Found a radiant altar of Vehumet.
   145 | D        | Reached skill level 11 in Fighting
   175 | D        | Found Seadawyu's Antique Weapon Emporium.
   175 | D        | Found an ancient bone altar of Kikubaaqudgha.
   175 | D        | Found a hazy altar of Hepliaklqana.
   175 | D        | Found a stormy altar of Qazlal.
   175 | D        | Found a hide-covered altar of Uskayaw.
   175 | D        | Found a blossoming altar of Fedhas.
   175 | D        | Found a bloodstained altar of Trog.
   175 | D        | Found an iron altar of Okawaru.
   175 | D        | Found a basalt altar of Yredelemnul.
   175 | D        | Found a glowing golden altar of the Shining One.
   175 | D        | Found a snail-covered altar of Cheibriados.
   175 | D        | Found a sacrificial altar of Ru.
   175 | D        | Found a glowing silver altar of Zin.
   175 | D        | Found a shadowy altar of Dithmenos.
   175 | D        | Found a white marble altar of Elyvilon.
   175 | D        | Noticed a yak
   178 | D        | Killed a yak
   178 | D        | Reached *** piety under Trog
   178 | D        | Reached XP level 7. HP: 74/74 MP: 6/6
   179 | D        | Found an opulent altar of Gozag.
   182 | D        | Found a sparkling altar of Nemelex Xobeh.
   198 | D        | Bought an ichor-stained falchion for 160 gold pieces
   198 | D        | Bought a glowing flail for 130 gold pieces
   199 | D        | Identified the +11 falchion of Supply {slice, rF+ Int+4}
                  | (You bought it in a shop in the Dungeon)
   230 | D        | Noticed Sonja
   253 | D        | Killed Sonja
   253 | D        | Reached skill level 13 in Fighting
   253 | D        | Reached XP level 8. HP: 7/86 MP: 6/9
   253 | D        | HP: 2/86 [poisoned by Sonja]
   254 | D        | Succumbed to Sonja's poison

Skill      XL: |  1  2  3  4  5  6  7 |
---------------+----------------------+-----
Fighting       | 5 7 9 10 11 13 | 13.2
Maces & Flails | 5 8 10 11 12 | 12.2
Armour         | 3 4 5 6 7 |  7.3
Dodging        | 3 5 6 7 |  7.6
Long Blades    | 4 |  4.0
Evocations     | 2 |  2.8

Action                   |  1- 3 |  4- 6 |  7- 9 || total
-------------------------+-------+-------+-------++-------
Melee: Mace              |    11 |    12 |       ||    23
       Headbutt          |     1 |     2 |     1 ||     4
       Falchion          |       |       |     6 ||     6
Invok: Berserk           |     1 |     3 |     1 ||     5
  Use: Potion            |       |       |     2 ||     2
  Eat: Chunk             |       |       |     2 ||     2
Armor: Leather armour    |       |     1 |     4 ||     5
Dodge: Dodged            |    10 |     9 |    14 ||    33
